 Dungeon Crawl Stone Soup version 0.28.0-43-g3370ac3207 (webtiles) character file.

Game seed: 12288195806176585673

48 RascalDebosk the Conjurer (level 3, -5/29 HPs)
             Began as a Draconian Conjurer on Mar 25, 2022.
             Killed from afar by Natasha (8 damage)
             ... with a magic dart
             ... on level 2 of the Dungeon.
             The game lasted 00:15:10 (1868 turns).

RascalDebosk the Conjurer (Draconian Conjurer)      Turns: 1868, Time: 00:15:10

Health: -5/29      AC:  5    Str:  9    XL:     3   Next: 50%
Magic:  0/6        EV: 12    Int: 20    God:
Gold:   100        SH:  0    Dex:  9    Spells: 3/6 levels left

rFire   . . .      SeeInvis .   g - +2 mace (holy)
rCold   . . .      Faith    .   (no shield)
rNeg    . . .      Spirit   .   (armour unavailable)
rPois   .          Reflect  .   (helmet restricted)
rElec   .          Harm     .   (no cloak)
rCorr   .          Rampage  .   (no gloves)
Will    .....                   (no boots)
Stlth   ++........              d - amulet of the acrobat
HPRegen 0.09/turn               (no ring)
MPRegen 0.10/turn               (no ring)

@: slowed, very slow
A: AC +5, unfitting armour, cold-blooded
a: no special abilities


You were on level 2 of the Dungeon.
You visited 1 branch of the dungeon, and saw 2 of its levels.

You collected 100 gold pieces.

Inventory:

Hand Weapons
 b - a +0 short sword
 g - a +2 mace of holy wrath (weapon)
Missiles
 a - 31 stones
Jewellery
 d - an amulet of the acrobat (around neck)
Scrolls
 e - a scroll of immolation
 f - a scroll of fear {unknown}
Potions
 c - a potion of curing {unknown}


   Skills:
 * Level 1.7 Fighting
 + Level 2.2 Dodging
 - Level 2.0 Stealth
 + Level 2.2 Spellcasting
 + Level 4.2 Conjurations
 + Level 0.3 Hexes
 + Level 0.4 Translocations


You had 3 spell levels left.
You knew the following spells:

 Your Spells              Type           Power      Damage    Failure   Level
a - Magic Dart            Conj           76%        1d6       2%          1
b - Searing Ray           Conj           38%        2d5       4%          2

Your spell library contained the following spells:

 Spells                   Type           Power      Damage    Failure   Level
 Animate Skeleton         Necr           4%         N/A       16%         1
 Pain                     Necr           8%         1d4       16%         1
 Dazzling Flash           Conj/Hex       22%        N/A       19%         3
 Vampiric Draining        Necr           2%         2d6       43%         3
 Fulminant Prism          Conj/Hex       5%         3d7       52%         4
 Iskenderun's Mystic Bla  Conj/Tloc      11%        2d4       52%         4


Dungeon Overview and Level Annotations

Branches:
Dungeon (2/15)

Altars:
Elyvilon
Nemelex Xobeh

Annotations:
D:2 Natasha, Sigmund


Innate Abilities, Weirdness & Mutations

Your plain brown scales are hard. (AC +5)
You cannot fit into any form of body armour.
You are cold-blooded and may be slowed by cold attacks.


Message History

Aim: Sigmund, wielding a +1 scythe of venom and wearing a +0 robe (75% to hit)
The searing ray misses Sigmund. (Press . to maintain the ray.) Sigmund hits you but does no damage.
You are poisoned.
The searing ray hits Sigmund!
Sigmund is moderately wounded.
You feel very sick.
Natasha stares at you and mumbles some strange words.
You feel yourself slow down. Sigmund completely misses you.
Casting: Searing Ray (safe; 4% risk of failure)
Confirm with . or Enter, or press ? or * to list all spells.
Restarting spell: Searing Ray (safe; 4% risk of failure)
Press: ? - help, Shift-Dir - straight line, f/p - Sigmund
Aim: Sigmund, wielding a +1 scythe of venom and wearing a +0 robe (moderately wounded, 75% to hit)
The searing ray hits Sigmund.
Sigmund is moderately wounded. (Press . to maintain the ray.)
You feel sick. Sigmund barely misses you.
The searing ray hits Sigmund.
Sigmund is heavily wounded.
You feel sick.
Natasha mumbles some strange words.
Natasha glows brightly for a moment.
Sigmund gestures at you while chanting. The puff of flame hits you.
You closely miss Natasha.
You feel sick. Natasha casts a spell at you.
You resist with significant effort. Sigmund casts a spell at you.
The magic dart hits you.
Natasha stares at you and mumbles some strange words.
The magic dart hits you.
* * * LOW HITPOINT WARNING * * *
Sigmund closely misses you.
You barely miss Natasha.
You feel sick.
You are no longer poisoned.
Natasha casts a spell at you. The magic dart hits you!
You die...

#.# # #.#
##.#.##########
#.............#
#....##.##.#..#
#..###....##..#
#.#....#.....(#
#........#.#..#
...#.##@h#....#
#......._....#.#
#.##...@##.#..##########
#...... ..........<..#
#...... #..########.#
......... #...........
#......+#. ..#.#####.#
#...... .. #.# #.#


You could see Sigmund and Natasha.

Vanquished Creatures
  A worm (D:2)
  2 dart slugs
  3 bats
  5 endoplasms
  A giant cockroach (D:2)
  A goblin (D:1)
  5 hobgoblins
  6 jackals (D:1)
  2 quokkas (D:2)
  2 ball pythons (D:1)
  A frilled lizard (D:1)
  4 kobolds
  4 rats
37 creatures vanquished.

Notes
Turn   | Place    | Note
-------+----------+-------------------------------------------
     0 | D:1      | RascalDebosk the Draconian Conjurer began the quest for the
                  | Orb.
     0 | D:1      | Reached XP level 1. HP: 14/14 MP: 3/3
   376 | D:1      | Reached XP level 2. HP: 20/20 MP: 0/5
   600 | D:1      | Learned a level 2 spell: Searing Ray
   890 | D:1      | Reached skill level 1 in Fighting
  1053 | D:1      | Reached XP level 3. HP: 17/28 MP: 2/6
  1506 | D:2      | Found a white marble altar of Elyvilon.
  1641 | D:2      | Found a sparkling altar of Nemelex Xobeh.
  1859 | D:2      | Found a faded altar of an unknown god.
  1861 | D:2      | Noticed Sigmund
  1861 | D:2      | Noticed Natasha
  1868 | D:2      | Killed from afar by Natasha

Illustrated notes

Levels and vault maps discovered:
D:1:      onia_arrival_mini_spirals, layout_loops_ring, nrook_uturn,
          hangedman_decor_points
D:2:      layout_loops_ring, basic_altar, hellmonk_ecumenical_altar_blasted,
          kennysheep_path_1, minmay_hexomino_r4, uniq_sigmund, uniq_natasha,
          uniq_robin

Skill      XL: |  1  2 |
---------------+-------+-----
Stealth        | 2 |  2.0
Dodging        | 2 |  2.2
Fighting       | 1 |  1.7
Spellcasting   | |  2.2
Conjurations   | |  4.2
Hexes          | |  0.3
Translocations | |  0.4

Action                   || total
-------------------------++-------
Melee: Short sword       ||    34
       Tailslap          ||     7
       Mace              ||     6
 Cast: Magic Dart        ||    66
       Searing Ray       ||     3
 Stab: Sleeping          ||     1
Armor: Skin              ||    18
Dodge: Dodged            ||    45
